AoeStats
← [NOE] Jupiter

African Clearing

506129373Analyzed
2v2 RM · 21d ago on Sep 12, 2026· 50m 52s· 4 players
Game mode
Random Map
Map size
Medium (4 player)
Population
200
Speed
Normal
Resources
Standard
Victory
Conquest
Starting age
Dark Age
Ending age
Imperial Age
RankedLock teamsTeams togetherTeam positionsShared explorationLock speedFull tech treeHidden civsTurbo modeCheats
Victory
Defeat
🇫🇷 Burmese · France
1459
+14
🇫🇷 Malay · France
1420
+15
🇺🇸 Huns · United States
1458
-16
🇷🇺 Italians · Russia
1365
-13
JESUS_is_SAVIOR3
11:57 Feudal Age
12:21 Feudal Age
13:01 Double-Bit Axe
13:02 Town Watch
14:51 Forging
14:43 Horse Collar
17:34 Bloodlines
21:22 Wheelbarrow
21:02 Gold Mining
23:35 Loom
39:01 Stone Mining
45:44 Castle Age
46:32 Heavy Plow
46:44 Bow Saw
46:48 Caravan
47:26 Gold Shaft Mining
Lastik
5:02 Loom
13:01 Feudal Age
17:19 Castle Age
15:48 Double-Bit Axe
15:47 Horse Collar
18:43 Bow Saw
18:49 Heavy Plow
24:18 Fletching
24:40 Town Watch
26:03 Bodkin Arrow
27:35 Ballistics
27:57 Padded Archer Armor
33:37 Imperial Age
33:27 Leather Archer Armor
33:25 Squires
33:13 Arson
34:19 Wheelbarrow
34:02 Scale Mail Armor
34:15 Forging
35:10 Conscription
35:31 Elite Genoese Crossbowman
36:15 Bracer
36:33 Chain Mail Armor
37:22 Chemistry
41:27 Plate Mail Armor
44:36 Ring Archer Armor
44:44 Iron Casting
49:02 Blast Furnace
48:40 Thumb Ring
[NOE] Jupiter
9:24 Loom
14:17 Feudal Age
16:26 Town Watch
16:35 Double-Bit Axe
19:50 Castle Age
18:29 Scale Barding Armor
18:35 Forging
19:53 Bow Saw
21:55 Horse Collar
23:53 Husbandry
27:21 Fishing Lines
28:43 Stone Mining
29:43 Wheelbarrow
29:22 Treadmill Crane
30:36 Masonry
30:32 Gold Mining
30:43 Gillnets
36:40 Imperial Age
38:16 Fletching
39:35 Bodkin Arrow
40:28 Bracer
41:20 Crossbowman
42:27 Ballistics
42:56 Padded Archer Armor
44:09 Thumb Ring
44:51 Leather Archer Armor
47:15 Chemistry
49:05 Arbalester
[NOE] Lyrendir
14:14 Feudal Age
14:16 Loom
19:30 Castle Age
18:17 Man-at-Arms
18:43 Arson
19:36 Fishing Lines
19:40 Pikeman
20:36 Gillnets
21:29 Fletching
21:51 Horse Collar
23:14 Wheelbarrow
22:46 Bodkin Arrow
28:01 Squires
31:43 Imperial Age
29:12 Gold Mining
30:14 Hand Cart
30:01 Heavy Plow
31:55 Onager
36:45 Gold Shaft Mining
36:03 Stone Mining
36:11 Capped Ram
37:17 Long Swordsman
37:43 Gambesons
38:14 Scale Mail Armor
38:25 Forging
38:38 Treadmill Crane
40:00 Chemistry
38:51 Two-Handed Swordsman
39:47 Masonry
40:03 Chain Mail Armor
41:35 Iron Casting
41:48 Ballistics
43:40 Champion
44:55 Plate Mail Armor
45:38 Architecture
45:20 Siege Engineers
47:58 Conscription
49:13 Heavy Scorpion
50:57 Blast Furnace
51:37 Architecture
51:04 Murder Holes
Connection lost

Rejoining the realm…

Still unreachable

The connection could not be restored.

Session expired

The server has moved on; the page needs a fresh start.